 Dungeon Crawl Stone Soup version 0.26-a0-649-gf8c6c3aab7 (webtiles) character file.

Game seed: 409329365435491346

1393 Peloso the Covered (level 8, -3/71 HPs)
             Began as a Palentonga Fighter on Sept 26, 2020.
             Was a Follower of Okawaru.
             Slain by a gnoll
             ... wielding a +0 spear
              (6 damage)
             ... on level 5 of the Dungeon.
             The game lasted 00:09:15 (5163 turns).

Peloso the Covered (Palentonga Fighter)             Turns: 5163, Time: 00:09:16

Health: -3/71      AC: 14    Str: 27    XL:     8   Next: 41%
Magic:  8/8        EV:  7    Int:  8    God:    Okawaru [*.....]
Gold:   211        SH: 10    Dex:  9    Spells: 7/7 levels left

rFire    . . .     SeeInvis +   b - +8 trident of Dais {protect, Str+4}
rCold    . . .     Faith    .   c - +0 kite shield
rNeg     . . .     Spirit   .   p - +0 scale mail
rPois    .         Reflect  .   (no helmet)
rElec    .         Harm     .   (no cloak)
rCorr    .         Rampage  .   (no gloves)
MR       .....                  (no barding)
Stlth    ..........             (no amulet)
HPRegen  0.21/turn              (no ring)
MPRegen  0.11/turn              (no ring)

@: protection aura
A: large, rugged brown scales 3, see invisible, deformed body, roll, armoured
tail
a: Rolling Charge, Heroism, Renounce Religion


You were on level 5 of the Dungeon.
You worshipped Okawaru.
Okawaru was aware of your devotion.
You visited 2 branches of the dungeon, and saw 6 of its levels.

You collected 367 gold pieces.
You spent 156 gold pieces at shops.

Inventory:

Hand Weapons
 a - a +2 falchion of holy wrath
 b - the +8 trident of Dais (weapon) {protect, Str+4}
   (You found it on level 4 of the Dungeon)

   It grants its wielder temporary protection when it strikes (+7 to AC).
   It affects your strength (+4).
 w - a +0 spear of flaming
Armour
 c - a +0 kite shield (worn)
 p - a +0 scale mail (worn)
Scrolls
 d - a scroll of teleportation {unknown}
 e - a scroll of magic mapping {unknown}
 f - 4 scrolls of remove curse {unknown}
 h - 4 scrolls of identify {unknown}
 i - a scroll of amnesia {unknown}
 l - 2 scrolls of enchant weapon {unknown}
 m - 2 scrolls of blinking {unknown}
 s - a scroll of enchant armour {unknown}
 t - a scroll of fear {unknown}
 u - a scroll of immolation {unknown}
 v - a scroll of noise {unknown}
Potions
 g - 2 potions of lignification {unknown}
 j - a potion of heal wounds
 k - 2 potions of brilliance {unknown}
 n - 2 potions of curing
 o - a potion of degeneration {unknown}
 q - 2 potions of flight {unknown}
 r - a potion of magic {unknown}


   Skills:
 + Level 4.5 Fighting
 + Level 4.4 Long Blades
 + Level 3.6 Polearms
 + Level 5.0 Armour
 + Level 2.1 Dodging
 + Level 0.4 Stealth
 + Level 4.6 Shields


You had 7 spell levels left.
You didn't know any spells.
Your spell library contained the following spells:

 Spells                   Type           Power        Failure   Level
 Animate Skeleton         Necr           #.....       93%         1
 Apportation              Tloc           #.....       93%         1
 Corona                   Hex            #......      93%         1
 Summon Small Mammal      Summ           #...         93%         1


Dungeon Overview and Level Annotations

Branches:
Dungeon (5/15)             Temple (1/1) D:4

Altars:
Cheibriados
Dithmenos
Elyvilon
Gozag
Hepliaklqana
Makhleb
Nemelex Xobeh
Okawaru
Sif Muna
Uskayaw
Vehumet
Xom
Yredelemnul
Zin
The Shining One

Shops:
D:5 (=(


Innate Abilities, Weirdness & Mutations

You are completely covered in rugged brown scales. (AC +3, +7% HP)
You have supernaturally acute eyesight. (SInv)
Armour fits poorly on your strangely shaped body.
You can roll at foes to attack.
You have a long armoured tail.


Message History

* * * LOW HITPOINT WARNING * * *
The jackal closely misses you. You block the gnoll's attack.
The gnoll hits you but does no damage.
Unknown command.
You hit the gnoll but do no damage. You tail-slap the gnoll.
The gnoll is heavily wounded.
You block the jackal's attack. The jackal bites you.
* * * LOW HITPOINT WARNING * * *
You block the gnoll's attack. The gnoll hits you with a +0 halberd!
* * * LOW HITPOINT WARNING * * *
The jackal bites you but does no damage.
The gnoll hits you.
* * * LOW HITPOINT WARNING * * *
The jackal bites you.
* * * LOW HITPOINT WARNING * * *
You hit the gnoll.
The gnoll is severely wounded.
You block the jackal's attack. x2
The gnoll hits you from afar with a +0 spear.
You die...

##....###### ##....
....#.#....# ##...
......#....# #...
###...#....#' #...
###.......... #...
#............ #...
#.ghg.g.... #... ##.#h#
#... ##..h@# #...
###...gg# ##...
#....(..## ##..#.
.........##########...#.
......................#.
##......................
##............##.......
##.........####......>
#..........#.#.......


You could see 4 gnolls and 3 jackals.

Vanquished Creatures
  Sigmund (D:3)
  Duvessa (D:4)
  A centaur (D:5)
  An ogre (D:4)
  2 gnoll sergeants (D:5)
  Dowan (D:4)
  A howler monkey (D:4)
  2 bullfrog zombies (D:5)
  An orc priest (D:5)
  3 hounds (D:5)
  4 orc wizards
  A gnoll shaman (D:5)
  Jessica (D:3)
  3 worker ants
  Natasha (D:3)
  A hound skeleton (D:5)
  14 gnolls (D:5)
  7 adders
  A worm (D:4)
  2 dart slugs
  4 leopard geckos
  9 orcs
  A ball python (D:4)
  A giant cockroach (D:3)
  5 goblins
  9 hobgoblins
  13 jackals
  5 kobolds
  4 quokkas
  6 bats
  2 frilled lizards (D:4)
  A jackal skeleton (D:5)
  A quokka skeleton (D:5)
  4 rats
114 creatures vanquished.

Notes
Turn   | Place    | Note
-------+----------+-------------------------------------------
     0 | D:1      | Peloso the Palentonga Fighter began the quest for the Orb.
     0 | D:1      | Reached XP level 1. HP: 20/20 MP: 1/1
   231 | D:1      | Reached XP level 2. HP: 16/27 MP: 2/2
   783 | D:2      | Reached XP level 3. HP: 19/33 MP: 3/3
  1168 | D:2      | Found a glowing silver altar of Zin.
  1408 | D:3      | Noticed Jessica
  1433 | D:3      | Killed Jessica
  1433 | D:3      | Reached skill level 3 in Armour
  1433 | D:3      | Reached XP level 4. HP: 23/40 MP: 4/4
  1459 | D:3      | HP: 2/40 [jackal (2)]
  2042 | D:3      | Noticed Natasha
  2042 | D:3      | Noticed Sigmund
  2047 | D:3      | Killed Sigmund
  2047 | D:3      | Reached skill level 1 in Dodging
  2047 | D:3      | Reached XP level 5. HP: 49/49 MP: 5/5
  2047 | D:3      | Reached XP level 6. HP: 55/55 MP: 6/6
  2053 | D:3      | Killed Natasha
  2239 | D:3      | Found a faded altar of an unknown god.
  2585 | D:4      | Got an ichor-stained trident
  2586 | D:4      | Identified the +8 trident of Dais {protect, Str+4} (You
                  | found it on level 4 of the Dungeon)
  2721 | D:4      | Noticed Duvessa
  2736 | D:4      | Killed Duvessa
  2806 | D:4      | Noticed Dowan
  2815 | D:4      | Killed Dowan
  2815 | D:4      | Reached XP level 7. HP: 52/63 MP: 7/7
  3052 | D:4      | Found a staircase to the Ecumenical Temple.
  3090 | Temple   | Entered the Ecumenical Temple
  3134 | Temple   | Became a worshipper of Warmaster Okawaru
  3439 | D:4      | Found a basalt altar of Yredelemnul.
  3530 | D:4      | Reached skill level 1 in Polearms
  3530 | D:4      | Reached skill level 4 in Armour
  3576 | D:4      | Found a hazy altar of Hepliaklqana.
  3576 | D:4      | Found a snail-covered altar of Cheibriados.
  3856 | D:5      | Entered Level 5 of the Dungeon
  3856 | D:5      | Found Lomn's Jewellery Boutique.
  4052 | D:5      | Reached * piety under Okawaru
  4067 | D:5      | HP: 1/63 [gnoll/+1 flail of holy wrath (7)]
  4380 | D:5      | Found Parushet's Antique Weapon Shop.
  4392 | D:5      | Reached XP level 8. HP: 53/70 MP: 8/8
  4567 | D:5      | Bought a runed falchion for 156 gold pieces
  4606 | D:5      | Found a radiant altar of Vehumet.
  4610 | D:5      | Found Piest's Antique Weapon Boutique.
  4669 | D:5      | Found a shimmering altar of Xom.
  4672 | D:5      | Found a shimmering altar of Xom.
  4672 | D:5      | Found a shimmering altar of Xom.
  5153 | D:5      | Reached skill level 5 in Armour
  5162 | D:5      | HP: 3/71 [jackal (1)]
  5163 | D:5      | Slain by a gnoll

Illustrated notes

Levels and vault maps discovered:
D:1:      wander_arrival_chamber, layout_basic
D:2:      layout_basic, old_standard_altar
D:3:      layout_loops_ring, chequers_ecumenical_altar_simple, uniq_natasha,
          uniq_jessica, uniq_sigmund
D:4:      minmay_octagon_keep, layout_loops_ring,
          gammafunk_temple_overflow_elements, minmay_temple_entry_offerings,
          chequers_serial_rivers_large_a, yredelemnul_altar_generic,
          uniq_duvessa
D:5:      layout_cave_pools, fiery_altar_vehumet, serial_shops, shop,
          serial_gnoll_camp, gnoll_camp_mini_house, gnoll_camp_medium_02,
          gnoll_camp_mini_loothouse, gnoll_camp_huts_basic,
          gnoll_camp_mini_shop, gnoll_camp_mini_shop, moated_statue,
          glass_columns_a, xom_redecorated
Temple:   nicolae_temple_hex_pool

Skill      XL: |  1  2  3  4  5  6  7  8 |
---------------+-------------------------+-----
Armour         | 3 4 5 |  5.0
Shields        | 3 4 |  4.6
Long Blades    | 3 4 |  4.4
Dodging        | 1 2 |  2.1
Fighting       | 4 |  4.5
Polearms       | 2 3 |  3.6
Stealth        | |  0.4

Action                   |  1- 3 |  4- 6 |  7- 9 || total
-------------------------+-------+-------+-------++-------
Melee: Long sword        |   103 |   120 |       ||   223
       Tailslap          |     6 |    21 |    21 ||    48
       Trident           |       |    14 |   124 ||   138
  Use: Potion            |     3 |     2 |     3 ||     8
 Stab: Distracted        |       |     1 |       ||     1
Armor: Scale mail        |    82 |    82 |   149 ||   313
Dodge: Dodged            |    29 |    40 |    79 ||   148
Block: Kite shield       |    57 |   104 |   120 ||   281
       Rpst.: Long sword |     7 |    12 |       ||    19

Table legend: (Time is in decaauts)
 A = Elapsed time spent in this place.
 B = Non-inter-level travel time spent in this place.
 C = Inter-level travel time spent in this place.
 D = Time resting spent in this place.
 E = Time spent auto-exploring this place.
 F = Levels seen in this place.
 G = Mean time per level.
                   A        B        C        D        E       F      G
               +--------+--------+--------+--------+--------+-----+--------+
         Total |   5294 |   5238 |     56 |    453 |   3751 |   6 |  882.3 |
       Dungeon |   5218 |   5162 |     56 |    453 |   3712 |   5 | 1043.6 |
        Temple |     76 |     76 |      0 |      0 |     39 |   1 |   76.0 |
               +--------+--------+--------+--------+--------+-----+--------+

Top non-repeatable levels by time:
     D:4: 1562 daAuts
     D:5: 1161 daAuts
     D:3: 1045 daAuts
     D:1: 759 daAuts
     D:2: 689 daAuts
  Temple: 76 daAuts
